 Dungeon Crawl Stone Soup version 0.29.0-4-gdea44cf6ec (webtiles) character file.

Game seed: 16445923752171769848

14540 qw the Blocker (level 11, -6/101 HPs)
             Began as a Troll Cinder Acolyte on Aug 30, 2022.
             Was a Follower of Ignis.
             Mangled by a death yak (18 damage)
             ... on level 1 of the Lair of Beasts.
             The game lasted 00:05:16 (9332 turns).

qw the Blocker (Troll Cinder Acolyte)               Turns: 9332, Time: 00:05:17

Health: -6/101     AC: 15    Str: 28    XL:     11   Next: 90%
Magic:  11/11      EV:  8    Int: 10    God:    Ignis [*.....]
Gold:   260        SH: 22    Dex: 11    Spells: 12/12 levels left

rFire   + . .      SeeInvis .     - Unarmed
rCold   . . .      Faith    .   n - +0 tower shield
rNeg    . . .      Spirit   .   a - +0 robe
rPois   +          Reflect  +   r - +2 hood of the Assassin {Detection Stab+ Stlth++}
rElec   .          Harm     .   o - +1 cloak
rCorr   .          Rampage  .   (gloves unavailable)
Will    .....                   (boots unavailable)
Stlth   +++.......              k - amulet of reflection
HPRegen 1.06/turn               m - ring of poison resistance
MPRegen 0.12/turn               i - +6 ring of dexterity

@: fiery-armoured
A: large, unfitting armour, claws 3, regeneration 1, shaggy fur 1, tough skin 1
a: Renounce Religion, Fiery Armour, Foxfire Swarm, Rising Flame


You were on level 1 of the Lair of Beasts.
You worshipped Ignis.
Ignis was aware of your devotion.
You visited 2 branches of the dungeon, and saw 10 of its levels.

You collected 513 gold pieces.
You spent 253 gold pieces at shops.


Innate Abilities, Weirdness & Mutations

You are too large for most types of armour.
You have claws for hands.
Your natural rate of healing is unusually fast.
You are covered in fur. (AC +1)
You have tough skin. (AC +1)


   Skills:
 + Level 4.7 Fighting
 - Level 1.6 Throwing
 - Level 2.7 Dodging
 - Level 13.0 Shields
 - Level 12.0 Unarmed Combat
 - Level 1.0 Spellcasting
 - Level 2.1 Fire Magic


You had 12 spell levels left.
You didn't know any spells.
Your spell library contained the following spells:

 Spells                   Type           Power      Damage    Failure   Level
 Scorch                   Fire           8%         2d5       56%         2

Inventory:

Armour
 a - a +0 robe (worn)
 n - a +0 tower shield (worn)
 o - a +1 cloak (worn)
 r - the +2 hood of the Assassin (worn) {Detection Stab+ Stlth++}
   (You found it on level 8 of the Dungeon)

   It allows the wearer to sense nearby creatures.
   It allows the wearer to make particularly effective stabbing attacks against
   helpless or unaware enemies with any weapon.
   Stlth:     It makes you much more stealthy.
Jewellery
 i - a +6 ring of dexterity (right claw)
 k - an amulet of reflection (around neck)
 l - a ring of resist corrosion
 m - a ring of poison resistance (left claw)
 p - a ring of positive energy
Scrolls
 c - 2 scrolls of enchant weapon
 j - 4 scrolls of identify
Potions
 d - 2 potions of curing
 f - a potion of mutation
 h - a potion of might
 q - a potion of resistance
 s - a potion of haste {unknown}

Dungeon Overview and Level Annotations

Branches:
Dungeon (9/15)             Temple (0/1) D:5            Lair (1/5) D:9
    Orc: D:9-12

Altars:
Ashenzari
Dithmenos
Gozag
Hepliaklqana
Makhleb
Qazlal
Ru
Sif Muna
Trog
Uskayaw
Vehumet
Wu Jian
Xom
Zin

Shops:
D:2 =   D:9 *

Annotations:
D:5 1 runed translucent door, qw's ghost, novice TeWr
D:7 1 runed translucent door, qw's ghost, novice TeWr


Message History

The death yak is lightly wounded.
You block the death yak's attack.
9324 ||| INVOKING Fiery Armour.
Your cloak of flame flares fiercely!
You block the death yak's attack. x2
You mangle the death yak!!
The death yak is heavily wounded.
The death yak gores you!!
You completely miss the death yak.
The death yak is lightly wounded.
You block the death yak's attack.
You claw the death yak!
The death yak is lightly wounded.
The death yak gores you but does no damage.
The death yak is burned by your cloak of flames.
The death yak is lightly wounded.
You block the death yak's attack.
You scratch the death yak.
The death yak is heavily wounded.
The death yak closely misses you. You block the death yak's attack.
The death yak closely misses you.
You claw the death yak!
The death yak is severely wounded.
You block the death yak's attack. x2; The death yak gores you!
You claw the death yak!
The death yak is almost dead.
You block the death yak's attack.
The death yak gores you but does no damage.
The death yak is burned by your cloak of flames.
The death yak is almost dead.
The death yak gores you!
You mangle the death yak!!
You kill the death yak!
A bullfrog comes into view.
You block the death yak's attack.
The death yak gores you but does no damage.
The bullfrog gives a loud, deep croak!
You scratch the death yak.
The death yak is moderately wounded.
You block the death yak's attack. The death yak gores you!!
You die...

..# #.......#....# ..# ##.
#......YYF.... ..##...
#"......#YY... ..#..#
#.......#..... ...#
....YY......... ..##.# .# #.
##.......#..... ..##.## #.####(
#.......#....# ..##..###.#.#P.###
###..###......
.......##.......@#####..###......
...............%YY...............
.................................
....................).F..........
.................................
#.##.#.######....####...##.......
######%# #P....####...###......
##.### ##....................
#P.#.###.....##¤¤~~~~~.......


You could see 2 death yaks and a bullfrog.

Vanquished Creatures
  A hydra (Lair:1)
  A two-headed ogre (D:9)
  A centaur warrior (D:8)
  7 death yaks
  A deep elf pyromancer (D:8)
  An unseen horror (D:9)
  A kobold demonologist (D:9)
  A troll (D:8)
  A polar bear (Lair:1)
  Prince Ribbit (D:9)
  A wraith (D:9)
  17 yaks
  A shadow (D:6)
  A basilisk (Lair:1)
  2 steam dragons
  6 water moccasins
  2 acid dragons (D:9)
  A sky beast (D:8)
  2 orc warriors
  4 black bears
  3 centaurs
  2 ogres
  A phantom (D:5)
  A kobold brigand (D:9)
  3 bullfrogs
  A necrophage (D:6)
  2 gnoll sergeants
  9 wights
  2 howler monkeys (D:7)
  A jelly (D:5)
  2 gnoll boudas (D:7)
  4 hounds
  9 orc priests
  2 iguanas
  8 orc wizards
  16 gnolls
  4 adders
  A shadow imp (D:6)
  2 white imps (D:6)
  An ufetubus (D:4)
  3 worms
  5 dart slugs
  29 orcs
  10 endoplasms
  2 giant cockroaches
  9 goblins
  6 hobgoblins
  11 kobolds
  8 ball pythons
  4 bats
  5 frilled lizards
  15 rats
234 creatures vanquished.

Vanquished Creatures (others)
  An orc (D:7)
  A fungus (Lair:1)
  6 plants
8 creatures vanquished.

Grand Total: 242 creatures vanquished

Notes
Turn   | Place    | Note
-------+----------+-------------------------------------------
     0 | D:1      | qw the Troll Cinder Acolyte began the quest for the Orb.
     0 | D:1      | Reached XP level 1. HP: 22/22 MP: 1/1
     0 | D:1      | 0 ||| qw: Version: 0.1-a-95-gae9e614
     0 | D:1      | 0 ||| qw: Game counter: 4370
     0 | D:1      | 0 ||| qw: Always use a shield: true
     0 | D:1      | 0 ||| qw: God list: Okawaru
     0 | D:1      | 0 ||| qw: Allow faded altars: false
     0 | D:1      | 0 ||| qw: Do Orc after D:15 true
     0 | D:1      | 0 ||| qw: Do second Lair branch before Depths: true
     0 | D:1      | 0 ||| qw: Lair rune preference: random
     0 | D:1      | 0 ||| qw: Plans: Normal
     0 | D:1      | 0 ||| PLANNING D:1-11
    93 | D:1      | 93 ||| Stepping ~*~*~tactically~*~*~ (stealth).
   247 | D:1      | 247 ||| Stepping ~*~*~tactically~*~*~ (stealth).
   252 | D:1      | 252 ||| Stepping ~*~*~tactically~*~*~ (outnumbered).
   259 | D:1      | Reached XP level 2. HP: 29/29 MP: 2/2
   661 | D:1      | 661 ||| Stepping ~*~*~tactically~*~*~ (stealth).
   877 | D:1      | 877 ||| UPGRADING to +6 ring of dexterity.
   921 | D:2      | 921 ||| Stepping ~*~*~tactically~*~*~ (stealth).
   933 | D:2      | Reached XP level 3. HP: 32/36 MP: 3/3
   937 | D:2      | 937 ||| Stepping ~*~*~tactically~*~*~ (stealth).
   946 | D:2      | 946 ||| Stepping ~*~*~tactically~*~*~ (stealth).
   962 | D:2      | Found Otaryse's Jewellery Boutique.
   981 | D:2      | 981 ||| SHOPLISTING amulet of Beeses {Reflect rF++ SH+5}
                  | (763 gold, have 102).
   981 | D:2      | 981 ||| SHOPLISTING amulet of reflection (420 gold, have
                  | 102).
   981 | D:2      | 981 ||| SHOPLISTING ring of fire (350 gold, have 102).
   981 | D:2      | 981 ||| SHOPLISTING ring of positive energy (280 gold, have
                  | 102).
   981 | D:2      | 981 ||| SHOPLISTING ring of see invisible (210 gold, have
                  | 102).
  1072 | D:2      | Found a faded altar of an unknown god.
  1491 | D:2      | Reached XP level 4. HP: 44/44 MP: 4/4
  1678 | D:2      | 1678 ||| UPGRADING to ring of resist corrosion.
  1679 | D:2      | 1679 ||| READING scroll labelled UFFEIBBICE.
  1680 | D:2      | 1680 ||| READING scroll labelled QEDI GASMAL OSI.
  1681 | D:2      | 1681 ||| READING 3 scrolls labelled QUCLIY XOUL.
  1682 | D:2      | 1682 ||| READING scroll labelled YSMENI ZEARGHION.
  1683 | D:2      | 1683 ||| DRINKING 2 yellow potions.
  1684 | D:2      | 1684 ||| READING 2 scrolls of identify.
  1684 | D:2      | 1684 ||| IDENTIFYING viscous pink potion
  1685 | D:2      | 1685 ||| DROPPING potion of degeneration.
  2280 | D:3      | Reached skill level 1 in Dodging
  2320 | D:3      | Found a radiant altar of Vehumet.
  2320 | D:3      | Found a shimmering blue altar of Sif Muna.
  2320 | D:3      | Found a shadowy altar of Dithmenos.
  2320 | D:3      | Found a burning altar of Makhleb.
  2340 | D:3      | Found a hazy altar of Hepliaklqana.
  2345 | D:3      | Found a shimmering altar of Xom.
  2357 | D:3      | 2357 ||| READING scroll labelled ISKAKH OTAIN.
  2361 | D:3      | 2361 ||| READING 3 scrolls of identify.
  2361 | D:3      | 2361 ||| IDENTIFYING metallic amethyst potion
  2362 | D:3      | 2362 ||| DROPPING potion of flight.
  2394 | D:4      | 2394 ||| INVOKING Fiery Armour.
  2396 | D:4      | 2396 ||| STAIRDANCE
  2408 | D:4      | 2408 ||| Stepping ~*~*~tactically~*~*~ (outnumbered).
  2409 | D:4      | 2409 ||| Stepping ~*~*~tactically~*~*~ (outnumbered).
  2410 | D:4      | 2410 ||| Stepping ~*~*~tactically~*~*~ (outnumbered).
  2411 | D:4      | 2411 ||| Stepping ~*~*~tactically~*~*~ (outnumbered).
  2412 | D:4      | 2412 ||| Stepping ~*~*~tactically~*~*~ (outnumbered).
  2413 | D:4      | 2413 ||| Stepping ~*~*~tactically~*~*~ (outnumbered).
  2414 | D:4      | 2414 ||| Stepping ~*~*~tactically~*~*~ (outnumbered).
  2415 | D:4      | 2415 ||| Stepping ~*~*~tactically~*~*~ (outnumbered).
  2416 | D:4      | 2416 ||| Stepping ~*~*~tactically~*~*~ (outnumbered).
  2417 | D:4      | 2417 ||| Stepping ~*~*~tactically~*~*~ (outnumbered).
  2418 | D:4      | 2418 ||| Stepping ~*~*~tactically~*~*~ (outnumbered).
  2419 | D:4      | 2419 ||| Stepping ~*~*~tactically~*~*~ (outnumbered).
  2429 | D:4      | Reached XP level 5. HP: 50/50 MP: 5/5
  2509 | D:4      | 2509 ||| Stepping ~*~*~tactically~*~*~ (hiding).
  2510 | D:4      | 2510 ||| Stepping ~*~*~tactically~*~*~ (hiding).
  2679 | D:4      | 2679 ||| Stepping ~*~*~tactically~*~*~ (stealth).
  2682 | D:4      | 2682 ||| Stepping ~*~*~tactically~*~*~ (stealth).
  2683 | D:4      | 2683 ||| Stepping ~*~*~tactically~*~*~ (stealth).
  2685 | D:4      | 2685 ||| Stepping ~*~*~tactically~*~*~ (hiding).
  2688 | D:4      | 2688 ||| INVOKING Fiery Armour.
  2689 | D:4      | 2689 ||| Stepping ~*~*~tactically~*~*~ (stealth).
  2690 | D:4      | 2690 ||| Stepping ~*~*~tactically~*~*~ (stealth).
  2697 | D:4      | Reached skill level 6 in Unarmed Combat
  2913 | D:4      | Noticed a black bear
  2914 | D:4      | 2914 ||| Stepping ~*~*~tactically~*~*~ (hiding).
  2924 | D:4      | Killed a black bear
  2925 | D:4      | Reached XP level 6. HP: 44/59 MP: 6/6
  2986 | D:4      | 2986 ||| Stepping ~*~*~tactically~*~*~ (stealth).
  2988 | D:4      | 2988 ||| Stepping ~*~*~tactically~*~*~ (stealth).
  3041 | D:4      | 3041 ||| Stepping ~*~*~tactically~*~*~ (stealth).
  3803 | D:5      | Entered Level 5 of the Dungeon
  3819 | D:5      | Reached XP level 7. HP: 41/66 MP: 7/7
  3864 | D:5      | 3864 ||| Stepping ~*~*~tactically~*~*~ (stealth).
  3865 | D:5      | 3865 ||| FLEEEEING.
  3866 | D:5      | 3866 ||| FLEEEEING.
  3867 | D:5      | 3867 ||| FLEEEEING.
  3868 | D:5      | 3868 ||| FLEEEEING.
  3869 | D:5      | 3869 ||| STAIRDANCE
  3905 | D:5      | Reached skill level 3 in Fighting
  3910 | D:5      | 3910 ||| STAIRDANCE
  3955 | D:5      | Noticed qw's ghost (novice TeWr)
  3958 | D:5      | Found a runed translucent door.
  4335 | D:5      | Found a staircase to the Ecumenical Temple.
  4411 | D:5      | Reached skill level 9 in Unarmed Combat
  4921 | D:5      | 4921 ||| UPGRADING to amulet of reflection.
  4926 | D:5      | 4926 ||| READING scroll labelled ONKOTZIEPE.
  4927 | D:5      | 4927 ||| READING scroll labelled IXZEEL WOPT.
  4928 | D:5      | 4928 ||| READING 4 scrolls of identify.
  4928 | D:5      | 4928 ||| IDENTIFYING clear potion
  4929 | D:5      | 4929 ||| READING 3 scrolls of identify.
  4929 | D:5      | 4929 ||| IDENTIFYING orange potion
  4930 | D:5      | 4930 ||| READING 2 scrolls of identify.
  4930 | D:5      | 4930 ||| IDENTIFYING black potion
  4931 | D:5      | 4931 ||| DROPPING potion of ambrosia.
  4932 | D:5      | 4932 ||| DROPPING potion of magic.
  5032 | D:6      | Reached XP level 8. HP: 60/75 MP: 8/8
  5043 | D:6      | 5043 ||| Stepping ~*~*~tactically~*~*~ (stealth).
  5054 | D:6      | 5054 ||| Stepping ~*~*~tactically~*~*~ (stealth).
  5056 | D:6      | 5056 ||| Stepping ~*~*~tactically~*~*~ (stealth).
  5057 | D:6      | 5057 ||| Stepping ~*~*~tactically~*~*~ (stealth).
  5058 | D:6      | 5058 ||| Stepping ~*~*~tactically~*~*~ (stealth).
  5067 | D:6      | 5067 ||| Stepping ~*~*~tactically~*~*~ (outnumbered).
  5157 | D:6      | 5157 ||| Stepping ~*~*~tactically~*~*~ (stealth).
  5242 | D:6      | Found a broken altar of Ashenzari.
  5247 | D:6      | Found a glowing silver altar of Zin.
  5247 | D:6      | Found an opulent altar of Gozag.
  5286 | D:6      | 5286 ||| Stepping ~*~*~tactically~*~*~ (hiding).
  5668 | D:6      | 5668 ||| UPGRADING to ring of poison resistance.
  5670 | D:6      | 5670 ||| DROPPING +6 ring of intelligence.
  5671 | D:6      | 5671 ||| UPGRADING to +6 ring of dexterity.
  5673 | D:6      | 5673 ||| READING scroll labelled ZAHUD EG EZOPU.
  5674 | D:6      | 5674 ||| READING scroll labelled EMAOSEUMAI.
  5715 | D:7      | 5715 ||| Stepping ~*~*~tactically~*~*~ (stealth).
  5716 | D:7      | 5716 ||| Stepping ~*~*~tactically~*~*~ (stealth).
  5720 | D:7      | 5720 ||| INVOKING Fiery Armour.
  5721 | D:7      | 5721 ||| Stepping ~*~*~tactically~*~*~ (outnumbered).
  5722 | D:7      | 5722 ||| Stepping ~*~*~tactically~*~*~ (outnumbered).
  5723 | D:7      | 5723 ||| Stepping ~*~*~tactically~*~*~ (outnumbered).
  5724 | D:7      | 5724 ||| Stepping ~*~*~tactically~*~*~ (outnumbered).
  5725 | D:7      | 5725 ||| Stepping ~*~*~tactically~*~*~ (outnumbered).
  5726 | D:7      | 5726 ||| Stepping ~*~*~tactically~*~*~ (outnumbered).
  5729 | D:7      | 5729 ||| Stepping ~*~*~tactically~*~*~ (outnumbered).
  5736 | D:7      | 5736 ||| Stepping ~*~*~tactically~*~*~ (outnumbered).
  5737 | D:7      | 5737 ||| Stepping ~*~*~tactically~*~*~ (outnumbered).
  5738 | D:7      | 5738 ||| Stepping ~*~*~tactically~*~*~ (outnumbered).
  5744 | D:7      | 5744 ||| Stepping ~*~*~tactically~*~*~ (outnumbered).
  5746 | D:7      | 5746 ||| Stepping ~*~*~tactically~*~*~ (outnumbered).
  5749 | D:7      | 5749 ||| Stepping ~*~*~tactically~*~*~ (outnumbered).
  5786 | D:7      | 5786 ||| Stepping ~*~*~tactically~*~*~ (stealth).
  5829 | D:7      | 5829 ||| Stepping ~*~*~tactically~*~*~ (hiding).
  5931 | D:7      | 5931 ||| Stepping ~*~*~tactically~*~*~ (hiding).
  5939 | D:7      | 5939 ||| Stepping ~*~*~tactically~*~*~ (outnumbered).
  5945 | D:7      | 5945 ||| INVOKING Fiery Armour.
  6131 | D:7      | Reached XP level 9. HP: 82/84 MP: 9/9
  6134 | D:7      | 6134 ||| Stepping ~*~*~tactically~*~*~ (stealth).
  6136 | D:7      | 6136 ||| Stepping ~*~*~tactically~*~*~ (stealth).
  6137 | D:7      | 6137 ||| Stepping ~*~*~tactically~*~*~ (stealth).
  6138 | D:7      | 6138 ||| Stepping ~*~*~tactically~*~*~ (stealth).
  6140 | D:7      | 6140 ||| Stepping ~*~*~tactically~*~*~ (outnumbered).
  6141 | D:7      | 6141 ||| Stepping ~*~*~tactically~*~*~ (outnumbered).
  6177 | D:7      | 6177 ||| Stepping ~*~*~tactically~*~*~ (stealth).
  6179 | D:7      | 6179 ||| Stepping ~*~*~tactically~*~*~ (hiding).
  6182 | D:7      | 6182 ||| INVOKING Fiery Armour.
  6186 | D:7      | 6186 ||| Stepping ~*~*~tactically~*~*~ (outnumbered).
  6224 | D:7      | 6224 ||| Stepping ~*~*~tactically~*~*~ (stealth).
  6238 | D:7      | 6238 ||| Stepping ~*~*~tactically~*~*~ (outnumbered).
  6239 | D:7      | 6239 ||| Stepping ~*~*~tactically~*~*~ (outnumbered).
  6240 | D:7      | 6240 ||| Stepping ~*~*~tactically~*~*~ (outnumbered).
  6241 | D:7      | 6241 ||| Stepping ~*~*~tactically~*~*~ (hiding).
  6266 | D:7      | 6266 ||| Stepping ~*~*~tactically~*~*~ (stealth).
  6268 | D:7      | Found a bloodstained altar of Trog.
  6273 | D:7      | 6273 ||| Stepping ~*~*~tactically~*~*~ (stealth).
  6274 | D:7      | 6274 ||| Stepping ~*~*~tactically~*~*~ (stealth).
  6277 | D:7      | 6277 ||| Stepping ~*~*~tactically~*~*~ (stealth).
  6280 | D:7      | Reached skill level 12 in Unarmed Combat
  6372 | D:7      | Found a sacrificial altar of Ru.
  6499 | D:7      | Found a runed translucent door.
  6499 | D:7      | Noticed qw's ghost (novice TeWr)
  6564 | D:7      | 6564 ||| UPGRADING to +0 kite shield.
  6569 | D:7      | 6569 ||| READING scroll labelled HOMMUUMMOMM.
  6670 | D:7      | 6670 ||| DRINKING 2 lumpy emerald potions.
  6688 | D:7      | 6688 ||| DRINKING 2 fizzy brown potions.
  6689 | D:7      | 6689 ||| READING 3 scrolls of identify.
  6689 | D:7      | 6689 ||| IDENTIFYING fizzy pink potion
  6690 | D:7      | 6690 ||| READING 2 scrolls of identify.
  6690 | D:7      | 6690 ||| IDENTIFYING white potion
  6691 | D:7      | 6691 ||| DROPPING potion of lignification.
  6692 | D:7      | 6692 ||| DROPPING potion of brilliance.
  6862 | D:8      | 6862 ||| Stepping ~*~*~tactically~*~*~ (stealth).
  6867 | D:8      | Reached skill level 1 in Shields
  6889 | D:8      | 6889 ||| Stepping ~*~*~tactically~*~*~ (hiding).
  6995 | D:8      | Reached skill level 2 in Shields
  7026 | D:8      | Noticed a deep elf pyromancer
  7026 | D:8      | Found the +2 hood of the Assassin {Detection Stab+ Stlth++}
  7026 | D:8      | Noticed a centaur warrior
  7026 | D:8      | Noticed a troll
  7031 | D:8      | Killed a deep elf pyromancer
  7032 | D:8      | Reached skill level 4 in Shields
  7032 | D:8      | 7032 ||| INVOKING Fiery Armour.
  7033 | D:8      | 7033 ||| Stepping ~*~*~tactically~*~*~ (outnumbered).
  7035 | D:8      | Killed a centaur warrior
  7036 | D:8      | Reached skill level 5 in Shields
  7036 | D:8      | Reached XP level 10. HP: 30/93 MP: 10/10
  7036 | D:8      | HP: 15/93 [troll (9)]
  7037 | D:8      | 7037 ||| READING 2 scrolls of teleportation.
  7038 | D:8      | 7038 ||| DRINKING 2 potions of heal wounds.
  7039 | D:8      | Reached skill level 6 in Shields
  7153 | D:8      | 7153 ||| DRINKING 3 potions of curing.
  7153 | D:8      | 7153 ||| (to cure confusion)
  7158 | D:8      | 7158 ||| DRINKING 2 potions of curing.
  7158 | D:8      | 7158 ||| (to cure confusion)
  7204 | D:8      | 7204 ||| INVOKING Fiery Armour.
  7212 | D:8      | Reached skill level 1 in Throwing
  7229 | D:8      | 7229 ||| FLEEEEING.
  7230 | D:8      | 7230 ||| FLEEEEING.
  7243 | D:8      | Reached skill level 7 in Shields
  7243 | D:8      | 7243 ||| FLEEEEING.
  7244 | D:8      | 7244 ||| FLEEEEING.
  7489 | D:8      | Found a hide-covered altar of Uskayaw.
  7543 | D:8      | 7543 ||| UPGRADING to +0 tower shield.
  7553 | D:8      | 7553 ||| DROPPING +0 kite shield.
  7554 | D:8      | 7554 ||| UPGRADING to +2 hood of the Assassin {Detection
                  | Stab+ Stlth++}.
  7559 | D:8      | 7559 ||| READING scroll labelled BUSUQO UHYANA.
  7560 | D:8      | 7560 ||| READING 2 scrolls of identify.
  7560 | D:8      | 7560 ||| IDENTIFYING purple potion
  7561 | D:8      | 7561 ||| DROPPING potion of attraction.
  7614 | D:9      | Noticed Prince Ribbit
  7616 | D:9      | 7616 ||| FLEEEEING.
  7617 | D:9      | 7617 ||| FLEEEEING.
  7618 | D:9      | 7618 ||| FLEEEEING.
  7619 | D:9      | 7619 ||| FLEEEEING.
  7620 | D:9      | 7620 ||| FLEEEEING.
  7621 | D:9      | 7621 ||| FLEEEEING.
  7622 | D:9      | 7622 ||| FLEEEEING.
  7623 | D:9      | 7623 ||| FLEEEEING.
  7624 | D:9      | 7624 ||| FLEEEEING.
  7627 | D:9      | 7627 ||| FLEEEEING.
  7628 | D:9      | 7628 ||| FLEEEEING.
  7629 | D:9      | 7629 ||| FLEEEEING.
  7630 | D:9      | 7630 ||| FLEEEEING.
  7631 | D:9      | 7631 ||| STAIRDANCE
  7638 | D:9      | 7638 ||| STAIRDANCE
  7644 | D:9      | 7644 ||| Stepping ~*~*~tactically~*~*~ (hiding).
  7692 | D:9      | 7692 ||| Stepping ~*~*~tactically~*~*~ (outnumbered).
  7693 | D:9      | 7693 ||| Stepping ~*~*~tactically~*~*~ (outnumbered).
  7694 | D:9      | 7694 ||| Stepping ~*~*~tactically~*~*~ (outnumbered).
  7699 | D:9      | Reached skill level 8 in Shields
  7706 | D:9      | Killed Prince Ribbit
  7713 | D:9      | 7713 ||| Stepping ~*~*~tactically~*~*~ (outnumbered).
  7794 | D:9      | Found Nofewoud's Hallowed Reliquary.
  7794 | D:9      | Noticed an angel
  7802 | D:9      | Found an ornate altar of the Wu Jian Council.
  7807 | D:9      | Noticed a two-headed ogre
  7814 | D:9      | 7814 ||| INVOKING Fiery Armour.
  7815 | D:9      | Killed a two-headed ogre
  7816 | D:9      | Reached skill level 9 in Shields
  7817 | D:9      | 7817 ||| FLEEEEING.
  7818 | D:9      | 7818 ||| FLEEEEING.
  7819 | D:9      | 7819 ||| FLEEEEING.
  7820 | D:9      | 7820 ||| FLEEEEING.
  7821 | D:9      | 7821 ||| FLEEEEING.
  7822 | D:9      | 7822 ||| FLEEEEING.
  7824 | D:9      | 7824 ||| FLEEEEING.
  7825 | D:9      | 7825 ||| FLEEEEING.
  7826 | D:9      | 7826 ||| FLEEEEING.
  7827 | D:9      | 7827 ||| FLEEEEING.
  7828 | D:9      | 7828 ||| FLEEEEING.
  7829 | D:9      | 7829 ||| FLEEEEING.
  7830 | D:9      | 7830 ||| FLEEEEING.
  7831 | D:9      | 7831 ||| FLEEEEING.
  7832 | D:9      | 7832 ||| FLEEEEING.
  7833 | D:9      | 7833 ||| FLEEEEING.
  7834 | D:9      | 7834 ||| FLEEEEING.
  7835 | D:9      | 7835 ||| FLEEEEING.
  7836 | D:9      | 7836 ||| FLEEEEING.
  7837 | D:9      | 7837 ||| FLEEEEING.
  7838 | D:9      | 7838 ||| FLEEEEING.
  7941 | D:9      | 7941 ||| Stepping ~*~*~tactically~*~*~ (hiding).
  8084 | D:9      | Noticed a death yak
  8085 | D:9      | 8085 ||| INVOKING Fiery Armour.
  8088 | D:9      | Noticed a death yak
  8089 | D:9      | 8089 ||| Stepping ~*~*~tactically~*~*~ (stealth).
  8094 | D:9      | 8094 ||| Stepping ~*~*~tactically~*~*~ (stealth).
  8099 | D:9      | Noticed a death yak
  8100 | D:9      | 8100 ||| Stepping ~*~*~tactically~*~*~ (outnumbered).
  8101 | D:9      | 8101 ||| Stepping ~*~*~tactically~*~*~ (outnumbered).
  8102 | D:9      | 8102 ||| Stepping ~*~*~tactically~*~*~ (outnumbered).
  8103 | D:9      | 8103 ||| Stepping ~*~*~tactically~*~*~ (outnumbered).
  8104 | D:9      | 8104 ||| Stepping ~*~*~tactically~*~*~ (outnumbered).
  8105 | D:9      | 8105 ||| Stepping ~*~*~tactically~*~*~ (outnumbered).
  8106 | D:9      | 8106 ||| Stepping ~*~*~tactically~*~*~ (outnumbered).
  8107 | D:9      | 8107 ||| Stepping ~*~*~tactically~*~*~ (outnumbered).
  8109 | D:9      | 8109 ||| Stepping ~*~*~tactically~*~*~ (outnumbered).
  8115 | D:9      | 8115 ||| Stepping ~*~*~tactically~*~*~ (stealth).
  8120 | D:9      | Killed a death yak
  8123 | D:9      | Killed a death yak
  8124 | D:9      | Reached skill level 10 in Shields
  8124 | D:9      | Reached XP level 11. HP: 71/100 MP: 11/11
  8130 | D:9      | Killed a death yak
  8245 | D:9      | 8245 ||| BUYING potion of curing (33 gold).
  8245 | D:9      | Bought a potion of curing for 33 gold pieces
  8245 | D:9      | 8245 ||| BUYING ring of positive energy (220 gold).
  8245 | D:9      | Bought a ring of positive energy for 220 gold pieces
  8264 | D:9      | 8264 ||| Stepping ~*~*~tactically~*~*~ (outnumbered).
  8270 | D:9      | Found a stormy altar of Qazlal.
  8325 | D:9      | 8325 ||| Stepping ~*~*~tactically~*~*~ (stealth).
  8327 | D:9      | 8327 ||| Stepping ~*~*~tactically~*~*~ (stealth).
  8329 | D:9      | 8329 ||| Stepping ~*~*~tactically~*~*~ (stealth).
  8334 | D:9      | 8334 ||| Stepping ~*~*~tactically~*~*~ (stealth).
  8336 | D:9      | 8336 ||| Stepping ~*~*~tactically~*~*~ (stealth).
  8402 | D:9      | 8402 ||| Stepping randomly (disturbance).
  8403 | D:9      | 8403 ||| Stepping randomly (disturbance).
  8404 | D:9      | 8404 ||| Stepping randomly (disturbance).
  8405 | D:9      | 8405 ||| Stepping randomly (disturbance).
  8435 | D:9      | Found a staircase to the Lair.
  8683 | D:9      | 8683 ||| PLANNING LAIR
  8683 | D:9      | 8683 ||| UPGRADING to +0 cloak.
  8688 | D:9      | 8688 ||| READING scroll of enchant armour.
  8688 | D:9      | 8688 ||| ENCHANTING +0 cloak.
  8689 | D:9      | 8689 ||| READING 5 scrolls of identify.
  8689 | D:9      | 8689 ||| IDENTIFYING glowing yellow potion
  8721 | D:9      | 8721 ||| Stepping randomly (disturbance).
  8731 | D:9      | Reached skill level 11 in Shields
  8782 | Lair:1   | Entered Level 1 of the Lair of Beasts
  8800 | Lair:1   | 8800 ||| Stepping ~*~*~tactically~*~*~ (stealth).
  8802 | Lair:1   | 8802 ||| Stepping ~*~*~tactically~*~*~ (stealth).
  8804 | Lair:1   | 8804 ||| Stepping ~*~*~tactically~*~*~ (stealth).
  8806 | Lair:1   | 8806 ||| Stepping ~*~*~tactically~*~*~ (stealth).
  8808 | Lair:1   | 8808 ||| Stepping ~*~*~tactically~*~*~ (stealth).
  8814 | Lair:1   | 8814 ||| Stepping ~*~*~tactically~*~*~ (stealth).
  8815 | Lair:1   | 8815 ||| Stepping ~*~*~tactically~*~*~ (stealth).
  8817 | Lair:1   | 8817 ||| Stepping ~*~*~tactically~*~*~ (stealth).
  8819 | Lair:1   | 8819 ||| Stepping ~*~*~tactically~*~*~ (stealth).
  8938 | Lair:1   | 8938 ||| Stepping ~*~*~tactically~*~*~ (stealth).
  8940 | Lair:1   | 8940 ||| Stepping ~*~*~tactically~*~*~ (stealth).
  8946 | Lair:1   | 8946 ||| Stepping ~*~*~tactically~*~*~ (outnumbered).
  9090 | Lair:1   | 9090 ||| Stepping ~*~*~tactically~*~*~ (stealth).
  9091 | Lair:1   | 9091 ||| Stepping ~*~*~tactically~*~*~ (stealth).
  9092 | Lair:1   | 9092 ||| Stepping ~*~*~tactically~*~*~ (stealth).
  9109 | Lair:1   | Noticed a six-headed hydra
  9113 | Lair:1   | 9113 ||| Stepping ~*~*~tactically~*~*~ (stealth).
  9115 | Lair:1   | 9115 ||| INVOKING Fiery Armour.
  9121 | Lair:1   | Killed an eight-headed hydra
  9122 | Lair:1   | Reached skill level 12 in Shields
  9164 | Lair:1   | Noticed a death yak
  9164 | Lair:1   | Noticed a death yak
  9166 | Lair:1   | Noticed a death yak
  9167 | Lair:1   | 9167 ||| Stepping ~*~*~tactically~*~*~ (stealth).
  9169 | Lair:1   | 9169 ||| Stepping ~*~*~tactically~*~*~ (stealth).
  9170 | Lair:1   | Noticed a death yak
  9171 | Lair:1   | 9171 ||| Stepping ~*~*~tactically~*~*~ (stealth).
  9176 | Lair:1   | 9176 ||| Stepping ~*~*~tactically~*~*~ (stealth).
  9178 | Lair:1   | 9178 ||| Stepping ~*~*~tactically~*~*~ (outnumbered).
  9179 | Lair:1   | 9179 ||| Stepping ~*~*~tactically~*~*~ (outnumbered).
  9180 | Lair:1   | 9180 ||| Stepping ~*~*~tactically~*~*~ (outnumbered).
  9181 | Lair:1   | 9181 ||| Stepping ~*~*~tactically~*~*~ (outnumbered).
  9182 | Lair:1   | Noticed a death yak
  9183 | Lair:1   | 9183 ||| Stepping ~*~*~tactically~*~*~ (outnumbered).
  9184 | Lair:1   | 9184 ||| Stepping ~*~*~tactically~*~*~ (outnumbered).
  9185 | Lair:1   | 9185 ||| Stepping ~*~*~tactically~*~*~ (outnumbered).
  9186 | Lair:1   | 9186 ||| Stepping ~*~*~tactically~*~*~ (outnumbered).
  9187 | Lair:1   | 9187 ||| Stepping ~*~*~tactically~*~*~ (outnumbered).
  9188 | Lair:1   | 9188 ||| Stepping ~*~*~tactically~*~*~ (outnumbered).
  9192 | Lair:1   | 9192 ||| Stepping ~*~*~tactically~*~*~ (outnumbered).
  9193 | Lair:1   | 9193 ||| Stepping ~*~*~tactically~*~*~ (outnumbered).
  9196 | Lair:1   | 9196 ||| Stepping ~*~*~tactically~*~*~ (outnumbered).
  9197 | Lair:1   | 9197 ||| Stepping ~*~*~tactically~*~*~ (outnumbered).
  9198 | Lair:1   | 9198 ||| Stepping ~*~*~tactically~*~*~ (outnumbered).
  9199 | Lair:1   | 9199 ||| Stepping ~*~*~tactically~*~*~ (outnumbered).
  9200 | Lair:1   | 9200 ||| Stepping ~*~*~tactically~*~*~ (outnumbered).
  9201 | Lair:1   | 9201 ||| Stepping ~*~*~tactically~*~*~ (outnumbered).
  9202 | Lair:1   | 9202 ||| Stepping ~*~*~tactically~*~*~ (outnumbered).
  9203 | Lair:1   | 9203 ||| Stepping ~*~*~tactically~*~*~ (outnumbered).
  9204 | Lair:1   | 9204 ||| Stepping ~*~*~tactically~*~*~ (outnumbered).
  9205 | Lair:1   | 9205 ||| Stepping ~*~*~tactically~*~*~ (outnumbered).
  9206 | Lair:1   | Killed a death yak
  9208 | Lair:1   | 9208 ||| Stepping ~*~*~tactically~*~*~ (stealth).
  9212 | Lair:1   | 9212 ||| INVOKING Fiery Armour.
  9213 | Lair:1   | Noticed a death yak
  9215 | Lair:1   | Killed a death yak
  9216 | Lair:1   | HP: 23/100 [death yak (21)]
  9217 | Lair:1   | 9217 ||| READING scroll of teleportation.
  9218 | Lair:1   | 9218 ||| DRINKING potion of heal wounds.
  9220 | Lair:1   | 9220 ||| Stepping ~*~*~tactically~*~*~ (outnumbered).
  9246 | Lair:1   | 9246 ||| Stepping ~*~*~tactically~*~*~ (stealth).
  9247 | Lair:1   | 9247 ||| Stepping ~*~*~tactically~*~*~ (stealth).
  9250 | Lair:1   | 9250 ||| Stepping ~*~*~tactically~*~*~ (stealth).
  9251 | Lair:1   | 9251 ||| Stepping ~*~*~tactically~*~*~ (stealth).
  9306 | Lair:1   | 9306 ||| Stepping ~*~*~tactically~*~*~ (stealth).
  9308 | Lair:1   | 9308 ||| Stepping ~*~*~tactically~*~*~ (stealth).
  9314 | Lair:1   | 9314 ||| Stepping ~*~*~tactically~*~*~ (outnumbered).
  9315 | Lair:1   | 9315 ||| Stepping ~*~*~tactically~*~*~ (outnumbered).
  9316 | Lair:1   | 9316 ||| Stepping ~*~*~tactically~*~*~ (outnumbered).
  9317 | Lair:1   | 9317 ||| Stepping ~*~*~tactically~*~*~ (outnumbered).
  9322 | Lair:1   | Killed a death yak
  9323 | Lair:1   | Reached skill level 13 in Shields
  9324 | Lair:1   | 9324 ||| INVOKING Fiery Armour.
  9329 | Lair:1   | HP: 20/100 [death yak (16)]
  9331 | Lair:1   | Killed a death yak
  9332 | Lair:1   | Mangled by a death yak

Levels and vault maps discovered:
D:1:      saegor_arrival_simple_c, layout_loops_corners
D:2:      layout_rooms, serial_shops, nicolae_shop_stone,
          shapermc_ecumenical_altar_flowoftime, minmay_rat_gold_closets
D:3:      layout_loops_cross, minmay_overflow_temple_hex
D:4:      layout_layer_cave
D:5:      layout_layer_cave, temple_green, hellmonk_ghost_happy_afterlife
D:6:      layout_loops_cross, grunt_temple_overflow_open
D:7:      layout_cave_pools, trog_ov_bears_minmay,
          mainiacjoe_overflow_cross_hatched, gammafunk_ghost_grave,
          nicolae_grassy_gnolls
D:8:      layout_basic, mainiacjoe_overflow_paths, minmay_radiant
D:9:      layout_small_grid, marbit_many_paths, general_overflow_altar,
          dpeg_lair_monsters, enter_bailey_3, nicolae_good_shop,
          uniq_prince_ribbit1
Lair:1:   layout_gridlike

Skill      XL: |  1  2  3  4  5  6  7  8  9 10 11 |
---------------+----------------------------------+-----
Unarmed Combat | 4 5 7 9 11 12 | 12.0
Dodging        | 1 2 |  2.7
Fighting       | 3 4 |  4.7
Shields        | 5 10 13 | 13.0
Throwing       | 1 |  1.6
Spellcasting   | |  1.0
Fire Magic     | |  2.1

Action                   |  1- 3 |  4- 6 |  7- 9 | 10-12 || total
-------------------------+-------+-------+-------+-------++-------
Melee: Unarmed           |    99 |   113 |   191 |   292 ||   695
       Punch             |       |     1 |     8 |       ||     9
Throw: Boomerang         |       |       |     2 |    25 ||    27
Invok: Fiery Armour      |       |     2 |     4 |     6 ||    12
  Use: Scroll            |       |     7 |    10 |     6 ||    23
       Potion            |       |     1 |     2 |     4 ||     7
 Stab: Distracted        |       |       |       |     1 ||     1
Armor: Robe              |    21 |    31 |    42 |    41 ||   135
Dodge: Dodged            |    24 |    37 |    93 |    35 ||   189
Block: Other             |       |       |    33 |       ||    33
       Kite shield       |       |       |    17 |    21 ||    38
       Reflection        |       |       |     4 |     3 ||     7
       Tower shield      |       |       |       |   181 ||   181

Table legend:
 A = Non-vault XP
 B = Vault XP
 C = Vault XP percentage of total XP
 D = Non-vault monster count
 E = Vault monster count
 F = Vault count percentage of total count
                 A         B        C        D         E       F
            +---------+---------+-------+---------+---------+-------
      Total |   14894 |    5878 |  28.3 |     204 |      30 |  12.8
            +---------+---------+-------+---------+---------+-------
        D:1 |      33 |       0 |   0.0 |      19 |       0 |   0.0
        D:2 |      60 |       7 |  10.4 |      18 |       7 |  28.0
        D:3 |      45 |       0 |   0.0 |      16 |       0 |   0.0
        D:4 |     509 |       0 |   0.0 |      27 |       0 |   0.0
        D:5 |     736 |       0 |   0.0 |      11 |       0 |   0.0
        D:6 |     635 |       0 |   0.0 |      16 |       0 |   0.0
        D:7 |    1397 |     451 |  24.4 |      30 |       8 |  21.1
        D:8 |    1660 |    1778 |  51.7 |      18 |       3 |  14.3
        D:9 |    3015 |    3642 |  54.7 |      30 |      12 |  28.6
     Lair:1 |    6804 |       0 |   0.0 |      19 |       0 |   0.0
            +---------+---------+-------+---------+---------+-------
